[Event "Titled Tuesday Blitz September 13 Early 2022"]
[White "Andreikin, Dmitry"]
[Black "Sargsyan, Anna M."]
[WhiteFideId "4158814"]
[BlackFideId "13308130"]
[WhiteElo "2736"]
[BlackElo "2271"]
[Result "0-1"]
[Round "09"]
[TimeControl "180+1"]
[Date "2022.09.13"]
[WhiteClock "0:00:26"]
[BlackClock "0:00:10"]

1. e4 e5 2. f4 exf4 3. Nf3 g5 4. Bc4 Bg7 5. d4 h6 6. c3 Ne7 7. Qb3 O-O 8. h4 d5 9. exd5 Nf5 10. hxg5 hxg5 11. Bd3 Re8+ 12. Kd2 g4 13. Ne5 Qg5 14. Kc2 Nd7 15. Nxf7 Kxf7 16. d6+ Kf8 17. dxc7 Ne3+ 18. Bxe3 Rxe3 19. Na3 Nb6 20. Rad1 Be6 21. Qb4+ Qe7 22. Qa5 Qxc7 23. Qg5 Nd5 24. Kb1 Qe7 25. Qg6 Bf7 26. Qf5 Qe6 27. Qg5 Nxc3+ 28. bxc3 Qxa2+ 29. Kc1 Qxa3+ 30. Kd2 Qb2+ 31. Bc2 Qxc3+ 32. Kc1 Rc8 0-1


[Site "https://www.chess.com"]

[Event "Titled Tuesday Blitz September 13 Early 2022"]
[White "Bacrot, Etienne"]
[Black "Le, Tuan Minh"]
[WhiteFideId "605506"]
[BlackFideId "12401153"]
[WhiteElo "2666"]
[BlackElo "2530"]
[Result "1-0"]
[Round "09"]
[TimeControl "180+1"]
[Date "2022.09.13"]
[WhiteClock "0:00:22"]
[BlackClock "0:00:11"]

1. e4 c5 2. Nf3 Nf6 3. e5 Nd5 4. Nc3 e6 5. g3 Nc6 6. Bg2 d6 7. exd6 Bxd6 8. O-O O-O 9. d4 Nxc3 10. bxc3 Be7 11. Re1 Qa5 12. Bb2 Rd8 13. Qe2 cxd4 14. cxd4 Bd7 15. c4 Bf6 16. h4 Be8 17. Red1 Ne7 18. Rab1 Rac8 19. a3 Qa4 20. Ne5 Bxe5 21. Qxe5 Ng6 22. Qe3 h6 23. d5 exd5 24. h5 d4 25. Rxd4 Nf8 26. Rg4 Ne6 27. Qxh6 f6 28. Bxf6 Rd7 29. Bd5 1-0


[Site "https://www.chess.com"]

[Event "Titled Tuesday Blitz September 13 Early 2022"]
[White "Barria Zuniga, Daniel"]
[Black "Goltsev, Dmitry"]
[WhiteFideId "3400816"]
[BlackFideId "24176710"]
[WhiteElo "2414"]
[BlackElo "2257"]
[Result "1-0"]
[Round "09"]
[TimeControl "180+1"]
[Date "2022.09.13"]
[WhiteClock "0:02:08"]
[BlackClock "0:02:28"]

1. d4 Nf6 2. c4 e6 3. Nf3 Bb4+ 4. Nbd2 O-O 5. g3 b6 6. Bg2 Bb7 7. O-O Bxd2 8. Qxd2 Ne4 9. Qc2 f5 10. Ng5 d5 11. Nxe6 Qe7 12. Nxf8 Kxf8 13. cxd5 Bxd5 14. f3 Nd6 15. e4 Be6 16. d5 Bf7 17. Bf4 Nd7 18. Rae1 Rc8 19. e5 Nb5 20. e6 Nc5 21. exf7 Qxf7 22. a4 Nd4 23. Qc4 Nc6 24. b4 1-0


[Site "https://www.chess.com"]

[Event "Titled Tuesday Blitz September 13 Early 2022"]
[White "Beerdsen, Thomas"]
[Black "Kamsky, Gata"]
[WhiteFideId "1030108"]
[BlackFideId "2000024"]
[WhiteElo "2567"]
[BlackElo "2666"]
[Result "1/2-1/2"]
[Round "09"]
[TimeControl "180+1"]
[Date "2022.09.13"]
[WhiteClock "0:00:18"]
[BlackClock "0:00:13"]

1. e4 e5 2. Nf3 Nc6 3. d4 exd4 4. Bc4 Nf6 5. O-O Nxe4 6. Nc3 Nxc3 7. bxc3 d5 8. Bb5 Be7 9. Re1 O-O 10. Bxc6 bxc6 11. Ne5 Bd7 12. cxd4 Bd6 13. Qf3 f6 14. Nd3 Re8 15. Bf4 Rxe1+ 16. Rxe1 Qf8 17. Qg3 Bf5 18. Nc5 Re8 19. Rxe8 Qxe8 20. h3 Bxc5 21. dxc5 Bxc2 22. Bxc7 Qd7 23. Ba5 Bf5 24. Qb8+ Kf7 25. Bc7 d4 26. Bd6 h5 27. Qh8 Kg6 28. f3 Qe6 29. g4 Qe1+ 30. Kg2 hxg4 31. hxg4 Qe2+ 32. Kg3 Qe1+ 33. Kg2 Qe2+ 34. Kg3 Qe1+ 35. Kg2 1/2-1/2


[Site "https://www.chess.com"]

[Event "Titled Tuesday Blitz September 13 Early 2022"]
[White "Belov, Vladimir"]
[Black "Wachinger, Guenther"]
[WhiteFideId "4132394"]
[BlackFideId "4604261"]
[WhiteElo "2501"]
[BlackElo "2212"]
[Result "0-1"]
[Round "09"]
[TimeControl "180+1"]
[Date "2022.09.13"]
[WhiteClock "0:00:02"]
[BlackClock "0:00:45"]

1. e4 c5 2. Nf3 d6 3. d4 cxd4 4. Nxd4 Nf6 5. Nc3 a6 6. Be3 e6 7. g4 e5 8. Nf5 g6 9. g5 gxf5 10. exf5 d5 11. Qf3 Ne4 12. Nxe4 dxe4 13. Qxe4 Nc6 14. Bc4 Qd7 15. g6 fxg6 16. fxg6 Qe7 17. O-O-O Be6 18. Rhg1 Bxc4 19. Qxc4 hxg6 20. Rxg6 Rh4 21. Qb3 Rb4 22. Qg8 Qf7 23. Re6+ Ne7 24. Qxf7+ Kxf7 25. Rxe5 Bg7 26. Rc5 Bxb2+ 27. Kd2 Rd8+ 28. Ke2 Rxd1 29. Kxd1 Nc6 30. Rh5 Bf6 31. Rh7+ Kg6 32. Rc7 Ne5 33. Ke2 Ng4 34. Bd2 Rb2 35. h3 Ne5 36. a4 Nc6 37. Kd3 Nb4+ 38. Bxb4 Rxb4 39. a5 Rb5 40. c4 Rb3+ 41. Ke4 Bd8 0-1


[Site "https://www.chess.com"]

[Event "Titled Tuesday Blitz September 13 Early 2022"]
[White "Bodnaruk, Anastasia"]
[Black "Fernandez Guillen, Ernesto J."]
[WhiteFideId "4181751"]
[BlackFideId "3512428"]
[WhiteElo "2332"]
[BlackElo "2422"]
[Result "0-1"]
[Round "09"]
[TimeControl "180+1"]
[Date "2022.09.13"]
[WhiteClock "0:00:11"]
[BlackClock "0:01:00"]

1. e4 e5 2. Nf3 Nc6 3. Bc4 g6 4. d3 Bg7 5. Ng5 Nh6 6. O-O Na5 7. f4 Nxc4 8. dxc4 exf4 9. c3 O-O 10. Bxf4 d6 11. Nd2 Ng4 12. Ngf3 Ne5 13. Qe2 h6 14. Rad1 Qe7 15. Rfe1 Be6 16. Nd4 Bg4 17. N2f3 Rae8 18. h3 Bxf3 19. Nxf3 Nxf3+ 20. Qxf3 Qe6 21. b3 Qf6 22. Rd3 g5 23. Be3 Qxf3 24. gxf3 b6 25. Bd4 f5 26. Kg2 f4 27. Kf2 Be5 28. h4 Kf7 29. h5 Rg8 30. Rg1 Ke6 31. Bxe5 dxe5 32. Rgd1 g4 33. Rd7 gxf3 34. Rh7 Rg2+ 35. Kxf3 Reg8 36. Rxh6+ Ke7 37. Rg6 R8xg6 38. hxg6 Rxg6 39. Rd5 Rg3+ 40. Kf2 Ke6 41. c5 Rxc3 42. cxb6 axb6 43. Rd2 Re3 44. Rc2 Kd6 45. Rc4 b5 46. Rc2 Rxe4 47. Kf3 Rd4 48. Kg4 c5 49. Kf5 f3 50. Rh2 Rf4+ 0-1


[Site "https://www.chess.com"]

[Event "Titled Tuesday Blitz September 13 Early 2022"]
[White "Bok, Benjamin"]
[Black "Donchenko, Alexander"]
[WhiteFideId "1017063"]
[BlackFideId "24603295"]
[WhiteElo "2658"]
[BlackElo "2572"]
[Result "1-0"]
[Round "09"]
[TimeControl "180+1"]
[Date "2022.09.13"]
[WhiteClock "0:00:12"]
[BlackClock "0:00:30"]

1. d4 Nf6 2. c4 g6 3. g3 Bg7 4. Bg2 O-O 5. Nc3 d6 6. Nf3 c6 7. e4 Bg4 8. O-O Nbd7 9. h3 Bxf3 10. Bxf3 e5 11. d5 c5 12. Be3 Ne8 13. Qc2 f5 14. exf5 gxf5 15. Bg2 Qf6 16. f4 Qg6 17. Kh2 Kh8 18. fxe5 dxe5 19. Rae1 a6 20. Re2 Nd6 21. b3 Rg8 22. g4 f4 23. Qxg6 hxg6 24. Bc1 Nf6 25. Ne4 Nfxe4 26. Bxe4 g5 27. Bb2 b5 28. Bd3 bxc4 29. bxc4 Rge8 30. Rfe1 f3 31. Rxe5 Bxe5+ 32. Rxe5 Kg8 33. Rxg5+ Kf8 34. Bg7+ Ke7 35. Kg3 Rg8 36. Kxf3 Nf7 37. Rg6 Rxg7 38. Rxg7 Kf8 39. Rh7 Ng5+ 40. Kf4 Nxh7 41. Bxh7 Kg7 42. Bf5 Rh8 43. g5 Rb8 44. d6 Rb4 45. Be6 Rb2 46. d7 Rd2 47. Bd5 1-0


[Site "https://www.chess.com"]

[Event "Titled Tuesday Blitz September 13 Early 2022"]
[White "Brodowski, Piotr"]
[Black "Samunenkov, Ihor"]
[WhiteFideId "1124480"]
[BlackFideId "14187086"]
[WhiteElo "2312"]
[BlackElo "2441"]
[Result "0-1"]
[Round "09"]
[TimeControl "180+1"]
[Date "2022.09.13"]
[WhiteClock "0:00:23"]
[BlackClock "0:00:04"]

1. d4 Nf6 2. Bg5 e6 3. Nd2 c5 4. e4 cxd4 5. e5 Qa5 6. Nf3 Ne4 7. Qe2 Nxg5 8. Nxg5 Nc6 9. f4 d6 10. exd6 Bxd6 11. g3 O-O 12. Bg2 e5 13. Ne4 Bb4 14. O-O f5 15. Qc4+ Kh8 16. Nb3 Qa6 17. Qxa6 bxa6 18. c3 Be7 19. Ned2 e4 20. cxd4 Rd8 21. Nc4 Nxd4 22. Ne5 Nxb3 23. axb3 Be6 24. g4 g6 25. gxf5 gxf5 26. Bh3 Bc5+ 27. Kh1 Rd6 28. Bxf5 Bxf5 29. Nf7+ Kg7 30. Nxd6 Bxd6 31. Rxa6 Bb4 32. Rc1 e3 33. Kg2 Be4+ 34. Kf1 Bd3+ 35. Kg2 Bxa6 36. Kf3 Re8 37. Rc7+ Kh8 38. Rc4 Bxc4 0-1


[Site "https://www.chess.com"]

[Event "Titled Tuesday Blitz September 13 Early 2022"]
[White "Cardoso Cardoso, Jose Gabriel"]
[Black "Harsha Bharathakoti"]
[WhiteFideId "4430492"]
[BlackFideId "5078776"]
[WhiteElo "2485"]
[BlackElo "2523"]
[Result "0-1"]
[Round "09"]
[TimeControl "180+1"]
[Date "2022.09.13"]
[WhiteClock "0:00:02"]
[BlackClock "0:00:14"]

1. Nf3 c5 2. e4 d6 3. d4 cxd4 4. Nxd4 Nf6 5. Bb5+ Bd7 6. c4 g6 7. Nc3 Bg7 8. Be3 Nc6 9. f3 O-O 10. O-O Rc8 11. Bxc6 bxc6 12. Qd2 a5 13. b3 Qc7 14. Rac1 Rfd8 15. Rfd1 Rb8 16. Qf2 e5 17. Nde2 Be6 18. Nd5 Bxd5 19. cxd5 c5 20. Nc3 Rb4 21. Na4 Nd7 22. Qe1 Rdb8 23. Bd2 R4b5 24. Nb2 Ra8 25. Na4 Qa7 26. Kh1 Rbb8 27. Rc4 Qa6 28. Rdc1 Rf8 29. Qg3 Ra7 30. Qh3 h5 31. g4 hxg4 32. Qxg4 Nf6 33. Qh3 Nh5 34. Rg1 Qc8 35. Qg2 Kh7 36. Nc3 Rb7 37. Ne2 Bh6 38. Bxh6 Kxh6 39. Qg5+ Kh7 40. Ng3 Qh3 41. Rc3 Nf4 42. Nf5 Rd7 43. Qf6 Rg8 44. Nxd6 Ne2 45. Nxf7 Rxf7 46. Qxf7+ Rg7 47. Qe6 Qxe6 48. dxe6 Nxc3 49. Rc1 Ne2 50. Rxc5 Nd4 51. Kg2 Nxe6 52. Rxe5 Nf4+ 53. Kg3 Ne2+ 54. Kf2 Nc1 55. Rxa5 Rc7 56. b4 Rc2+ 57. Kg3 Nxa2 58. b5 Rb2 59. b6 Nc3 60. Ra7+ Kh6 61. b7 Ne2+ 62. Kg4 Nd4 63. h4 Nc6 64. Ra6 Ne5+ 65. Kf4 Nd3+ 66. Ke3 Nc5 67. Rc6 Nxb7 68. f4 Na5 69. Re6 Kg7 70. f5 gxf5 71. exf5 Rb4 72. h5 Nc4+ 73. Kf4 Nd6+ 74. Ke5 Nf7+ 75. Kd5 Rf4 76. Rg6+ Kf8 77. Ke6 Re4+ 78. Kf6 Rd4 0-1


[Site "https://www.chess.com"]

[Event "Titled Tuesday Blitz September 13 Early 2022"]
[White "Csonka, Balazs"]
[Black "Ibrahimli, Murad"]
[WhiteFideId "742910"]
[BlackFideId "13410229"]
[WhiteElo "2404"]
[BlackElo "2109"]
[Result "1/2-1/2"]
[Round "09"]
[TimeControl "180+1"]
[Date "2022.09.13"]
[WhiteClock "0:00:09"]
[BlackClock "0:00:11"]

1. d4 Nf6 2. c4 g6 3. Nc3 d5 4. cxd5 Nxd5 5. e4 Nxc3 6. bxc3 Bg7 7. Nf3 c5 8. Rb1 O-O 9. Be2 b6 10. O-O Bb7 11. Qd3 Qc7 12. Bg5 Re8 13. Rfd1 Nd7 14. Qe3 Rac8 15. Bf4 e5 16. Bg3 cxd4 17. cxd4 Qc3 18. Qxc3 Rxc3 19. d5 Nc5 20. Bb5 Rd8 21. Nxe5 Rxg3 22. Nc6 Bxc6 23. dxc6 Rxd1+ 24. Rxd1 Rc3 25. c7 Nd3 26. Bxd3 Rxc7 27. Kf1 Rc3 28. Ke2 Ra3 29. Rd2 Bc3 30. Rc2 Kg7 31. Bc4 Bd4 32. Bb3 Bc5 33. Rd2 Be7 34. Rd7 Kf8 35. f4 b5 36. f5 gxf5 37. exf5 f6 38. g4 a5 39. g5 a4 40. Bd5 Ke8 41. g6 hxg6 42. fxg6 Bf8 43. g7 Bxg7 44. Rxg7 Rh3 45. Rg2 Kd7 46. Kd2 Kd6 47. Bf7 Kc5 48. Rf2 Kb4 49. Rxf6 Rxh2+ 50. Kc1 Ka3 51. Rf3+ Kb4 52. a3+ Ka5 53. Rf5 Rh3 54. Kb2 Rh2+ 55. Kc3 Rh3+ 56. Kd4 Rxa3 57. Be8 Rb3 58. Rxb5+ Rxb5 59. Bxb5 Kxb5 60. Kc3 Kc5 61. Kb2 Kb4 62. Ka1 a3 63. Kb1 Ka4 64. Ka1 Kb3 65. Kb1 a2+ 66. Ka1 Ka3 1/2-1/2


[Site "https://www.chess.com"]

[Event "Titled Tuesday Blitz September 13 Early 2022"]
[White "Dubov, Daniil"]
[Black "Xiong, Jeffery"]
[WhiteFideId "24126055"]
[BlackFideId "2047640"]
[WhiteElo "2791"]
[BlackElo "2714"]
[Result "0-1"]
[Round "09"]
[TimeControl "180+1"]
[Date "2022.09.13"]
[WhiteClock "0:00:03"]
[BlackClock "0:00:03"]

1. e4 e5 2. Nf3 Nf6 3. Nxe5 d6 4. Nf3 Nxe4 5. Nc3 Nxc3 6. dxc3 Be7 7. Be3 O-O 8. Bd3 Nd7 9. O-O Nc5 10. Bxc5 dxc5 11. Re1 Bf6 12. Nd2 Be7 13. Qf3 Bd6 14. Nc4 Rb8 15. Rad1 Qg5 16. Nxd6 cxd6 17. Bc4 Be6 18. Bxe6 fxe6 19. Qe3 Qxe3 20. Rxe3 d5 21. Rxe6 Rbe8 22. Rde1 Rxe6 23. Rxe6 Rd8 24. Re7 d4 25. cxd4 Rxd4 26. Kf1 Rd2 27. Re2 Rd1+ 28. Re1 Rd2 29. Re2 Rd1+ 30. Re1 Rd2 31. Rc1 Kf7 32. Ke1 Rd4 33. Rd1 Re4+ 34. Kf1 Rb4 35. b3 Ke7 36. Ke2 Re4+ 37. Kd3 Rd4+ 38. Ke2 Re4+ 39. Kf3 Re6 40. Rd3 Ra6 41. a4 c4 42. Rd4 cxb3 43. cxb3 Rb6 44. Rd3 Rb4 45. Ke3 b5 46. axb5 Rxb5 47. Kd4 Rf5 48. f3 Kd6 49. Kc4+ Kc6 50. Rd4 a5 51. Re4 Rc5+ 52. Kd3 Kd6 53. Rd4+ Ke6 54. Re4+ Kd6 55. Rd4+ Ke6 56. Rc4 Rb5 57. Kc3 Kd6 58. Rd4+ Ke6 59. Rc4 Kd6 60. Kb2 Rd5 61. Rc2 Rd3 62. Ka3 Rd1 63. Ka4 Ra1+ 64. Kb5 Ra3 65. Kc4 a4 66. b4 Kc6 67. b5+ Kb6 68. Re2 Ra1 69. Re6+ Kb7 70. Kb4 a3 71. Re7+ Kb6 72. Rxg7 a2 73. Ka3 Kxb5 74. h4 Rh1 75. Kxa2 Rxh4 76. Kb3 Kc5 77. Kc3 Kd5 78. Kd3 Ke5 79. Ke3 Kf6 80. Ra7 Kg6 81. Ra6+ Kg7 82. Kf2 Rb4 83. g4 Rb1 84. Kg3 Rb3 85. Ra7+ Kg6 86. Ra6+ Kg7 87. Ra5 h6 88. Rf5 Kg6 89. Kh4 Rb1 0-1


[Site "https://www.chess.com"]

[Event "Titled Tuesday Blitz September 13 Early 2022"]
[White "Gabdrakhmanov, Azat"]
[Black "Pap, Gyula"]
[WhiteFideId "34189197"]
[BlackFideId "725323"]
[WhiteElo "2233"]
[BlackElo "2519"]
[Result "0-1"]
[Round "09"]
[TimeControl "180+1"]
[Date "2022.09.13"]
[WhiteClock "0:00:05"]
[BlackClock "0:00:10"]

1. e4 c6 2. d4 d5 3. e5 Bf5 4. Nf3 e6 5. Be2 h6 6. O-O Ne7 7. b3 Nd7 8. c4 Bh7 9. Nc3 Nf5 10. Bd3 Be7 11. Qc2 Bg6 12. Ne2 Nh4 13. Nxh4 Bxd3 14. Qxd3 Bxh4 15. f4 O-O 16. cxd5 cxd5 17. f5 exf5 18. Qxf5 Nb8 19. Qg4 Bg5 20. Ba3 Re8 21. Rf3 Qd7 22. Qg3 Nc6 23. Raf1 Nd8 24. h4 Be7 25. Bc1 Qc6 26. Nf4 Bf8 27. Rc3 Qb6 28. Be3 Qb5 29. Nh5 Kh8 30. Bxh6 gxh6 31. Nf6 Bg7 32. Rc5 Qb4 33. Nxe8 Qxd4+ 34. Kh1 Bxe5 35. Qg4 Qxg4 0-1


[Site "https://www.chess.com"]

[Event "Titled Tuesday Blitz September 13 Early 2022"]
[White "Gokerkan, Cem Kaan"]
[Black "Gurel, Ediz"]
[WhiteFideId "6336760"]
[BlackFideId "44507356"]
[WhiteElo "2364"]
[BlackElo "1894"]
[Result "1-0"]
[Round "09"]
[TimeControl "180+1"]
[Date "2022.09.13"]
[WhiteClock "0:00:32"]
[BlackClock "0:00:01"]

1. e4 c5 2. Nf3 d6 3. d4 cxd4 4. Nxd4 Nf6 5. Nc3 a6 6. Bg5 Nbd7 7. Bc4 Qb6 8. Qd2 e6 9. O-O-O h6 10. Bxf6 Nxf6 11. f4 Be7 12. Kb1 Qc7 13. Bb3 b5 14. a3 O-O 15. g4 Bb7 16. Rhe1 d5 17. exd5 Nxd5 18. Nxd5 Bxd5 19. Bxd5 exd5 20. Nf5 Bc5 21. Qc3 f6 22. Re7 Qxe7 23. Nxe7+ Bxe7 24. Rxd5 Rac8 25. Qd3 Bc5 26. c3 Rfe8 27. Rd7 Bf8 28. h4 Re1+ 29. Ka2 Rg1 30. g5 hxg5 31. hxg5 fxg5 32. Qd5+ Kh8 33. fxg5 Rg3 34. Qf5 Re8 35. Rf7 Kg8 36. g6 Rg1 37. Qh5 1-0


[Site "https://www.chess.com"]

[Event "Titled Tuesday Blitz September 13 Early 2022"]
[White "Grandelius, Nils"]
[Black "Martinez Alcantara, Jose Eduardo"]
[WhiteFideId "1710400"]
[BlackFideId "3805662"]
[WhiteElo "2617"]
[BlackElo "2703"]
[Result "1-0"]
[Round "09"]
[TimeControl "180+1"]
[Date "2022.09.13"]
[WhiteClock "0:00:13"]
[BlackClock "0:00:14"]

1. d4 Nf6 2. c4 e6 3. Bf4 b6 4. e3 Bb7 5. Nf3 Bb4+ 6. Nfd2 O-O 7. a3 Be7 8. Nc3 c5 9. Bd3 cxd4 10. exd4 d5 11. O-O Nc6 12. Nf3 dxc4 13. Bxc4 Rc8 14. Ba2 Na5 15. Ne5 Nd5 16. Bd2 Nxc3 17. Bxc3 Nc6 18. Nxf7 Rxf7 19. Bxe6 Qd6 20. d5 Nd8 21. Bb4 Qf4 22. Bxf7+ Qxf7 23. Bxe7 Qxe7 24. Re1 Qd7 25. d6 Nf7 26. Re7 Qc6 27. f3 h6 28. Qb3 Qc5+ 29. Kh1 Bd5 30. Qb4 Nxd6 31. Qxc5 Rxc5 32. Rd1 Nf5 33. Re5 Bb3 34. Rxc5 bxc5 35. Rd8+ Kh7 36. Ra8 Ne3 37. Rxa7 Nd1 38. a4 Nxb2 39. a5 c4 40. Rc7 Na4 41. a6 c3 42. a7 Bd5 43. Rd7 c2 44. Rc7 Nb6 45. Rxc2 Kg6 46. Rc5 Ba8 47. Rb5 Nd7 48. Rb8 Bd5 49. a8=Q Bxa8 50. Rxa8 Nc5 51. Ra5 Nb3 52. Ra6+ Kh7 53. Kg1 Nc5 54. Rc6 Nd3 55. Ra6 Ne5 56. Ra1 Nd3 57. Kf1 Nf4 58. Kf2 Nd5 59. g3 Nb4 60. f4 Nd3+ 61. Ke3 Nb4 62. Ke4 Nc6 63. Kf5 Nd4+ 64. Ke5 Nb3 65. Ra3 Nd2 66. Ra7 Nf3+ 67. Ke6 Nxh2 68. Kf5 Nf3 69. g4 Nd4+ 70. Ke4 Nb5 71. Ra6 Nc3+ 72. Ke5 Nd1 73. Ra3 Nb2 74. Rc3 Na4 75. Rc6 Nb2 76. f5 Nd3+ 77. Ke4 Nf2+ 78. Kf3 Nd3 79. Rc7 Kg8 80. Ke4 Nf2+ 81. Kf4 Nh3+ 82. Ke5 Ng5 83. f6 Nf7+ 84. Kf5 gxf6 85. Kxf6 Nd6 86. Kg6 Kf8 87. Kxh6 Ne4 88. g5 Nd6 89. Ra7 Nf5+ 90. Kg6 Nh4+ 91. Kf6 Ke8 92. Ra8+ Kd7 93. g6 Nxg6 94. Kxg6 Kc7 95. Rf8 Kc6 96. Rf7 Kc5 97. Rf6 Kd5 98. Kf5 Kd4 99. Re6 Kd5 100. Re5+ Kd4 101. Kf4 Kc4 102. Ke4 Kb4 103. Rd5 Kc4 104. Rd8 Kb5 105. Kd5 Kb6 106. Rd7 Ka6 107. Kc5 1-0


[Site "https://www.chess.com"]

[Event "Titled Tuesday Blitz September 13 Early 2022"]
[White "Harsh Suresh"]
[Black "Priyanka Nutakki"]
[WhiteFideId "45018464"]
[BlackFideId "25049615"]
[WhiteElo "2070"]
[BlackElo "1912"]
[Result "1/2-1/2"]
[Round "09"]
[TimeControl "180+1"]
[Date "2022.09.13"]
[WhiteClock "0:00:06"]
[BlackClock "0:00:12"]

1. e4 e6 2. d3 d5 3. Nd2 Nf6 4. Ngf3 Nc6 5. g3 dxe4 6. dxe4 e5 7. Bg2 Bc5 8. O-O O-O 9. Qe2 a5 10. Nc4 Bg4 11. c3 Qe7 12. h3 Be6 13. Ncxe5 Nxe5 14. Nxe5 Bxh3 15. Bxh3 Qxe5 16. Bf4 Qxe4 17. Qxe4 Nxe4 18. Bxc7 a4 19. Rad1 a3 20. Bf5 Nf6 21. b4 Ba7 22. Rfe1 g6 23. Bh3 Rfe8 24. Be5 Nh5 25. Bg2 Re7 26. Bd4 Rc7 27. Bxa7 Rxa7 28. Re3 Kg7 29. Bf3 Nf6 30. Rd6 h5 31. Be2 Ra8 32. c4 Ra4 33. Rb3 Ne4 34. Rd4 f5 35. c5 Nxc5 36. Rc3 Kh6 37. Rdc4 Ne6 38. Rxc7 Nxc7 39. Rxc7 Rxb4 40. Rc3 Rb2 41. Bc4 b5 42. Bb3 b4 43. Rc4 g5 44. Rxb4 h4 45. gxh4 g4 46. Kg2 Kg6 47. Rb6+ Kh5 48. Kg3 f4+ 49. Kxf4 Rxf2+ 50. Kg3 Rf3+ 51. Kg2 Kxh4 52. Rh6+ Kg5 53. Ra6 Kh4 54. Rxa3 Rd3 55. Ra5 Rd2+ 56. Kg1 Kg3 57. Rd5 Rb2 58. Rd3+ Kf4 59. a4 Ke4 60. Rc3 Kf4 61. a5 g3 62. Bc2 Ra2 63. Rc4+ Kf3 64. Rc3+ Kf4 65. Rc5 Kf3 66. Rf5+ Kg4 67. Be4 Ra1+ 68. Kg2 Ra2+ 69. Kf1 Ra1+ 70. Ke2 Ra2+ 71. Kf1 Ra1+ 72. Kg2 Ra2+ 73. Kg1 Ra1+ 74. Rf1 Rxa5 75. Bf3+ Kh3 76. Bg2+ Kg4 77. Re1 Ra2 78. Re4+ Kf5 79. Rc4 Rb2 80. Bf1 Kg5 81. Rd4 Ra2 82. Re4 Rb2 83. Be2 Kf5 84. Bd3 Kg5 85. Kf1 Rf2+ 86. Kg1 Rd2 87. Be2 Kf5 88. Re8 Rb2 89. Kg2 Kf4 90. Rf8+ Ke3 91. Re8+ Kf4 92. Re7 Ra2 93. Kg1 Ra1+ 94. Bf1 Ra2 95. Rd7 Rb2 96. Rf7+ Kg4 97. Rf8 Ra2 98. Rg8+ Kf3 99. Rf8+ Kg4 100. Bc4 Ra1+ 101. Kg2 Rc1 102. Be6+ Kh4 103. Rh8+ Kg5 104. Kxg3 Rc3+ 105. Kf2 Rc2+ 106. Ke3 Rc5 107. Rd8 Re5+ 108. Kf3 Rxe6 109. Rd5+ Kf6 110. Rd4 Re5 111. Rg4 Rf5+ 112. Ke3 Rg5 113. Re4 Re5 114. Kf4 Rxe4+ 115. Kxe4 1/2-1/2


[Site "https://www.chess.com"]

[Event "Titled Tuesday Blitz September 13 Early 2022"]
[White "Harvey, Marcus R"]
[Black "Bortnyk, Olexandr"]
[WhiteFideId "400092"]
[BlackFideId "14120828"]
[WhiteElo "2485"]
[BlackElo "2723"]
[Result "0-1"]
[Round "09"]
[TimeControl "180+1"]
[Date "2022.09.13"]
[WhiteClock "0:00:59"]
[BlackClock "0:01:27"]

1. e4 Nf6 2. e5 Nd5 3. d4 d6 4. c4 Nb6 5. f4 dxe5 6. fxe5 Bf5 7. Nc3 e6 8. Be3 Bb4 9. Bd3 c5 10. Bxf5 Nxc4 11. Qa4+ Nc6 12. Bf2 exf5 13. O-O-O Qg5+ 14. Kb1 Qxg2 15. Nge2 Qxf2 16. d5 O-O 17. dxc6 bxc6 18. a3 Nxb2 19. Qc2 Nxd1 20. Rxd1 Bxc3 21. Nxc3 Rab8+ 22. Kc1 Qf4+ 23. Qd2 Qxe5 0-1


[Site "https://www.chess.com"]

[Event "Titled Tuesday Blitz September 13 Early 2022"]
[White "Jakubowski, Krzysztof"]
[Black "Vaibhav Jayant Raut"]
[WhiteFideId "1112848"]
[BlackFideId "5089034"]
[WhiteElo "2306"]
[BlackElo "2122"]
[Result "0-1"]
[Round "09"]
[TimeControl "180+1"]
[Date "2022.09.13"]
[WhiteClock "0:00:51"]
[BlackClock "0:00:06"]

1. e4 c5 2. Nf3 Nc6 3. d4 cxd4 4. Nxd4 Nf6 5. Nc3 e5 6. Ndb5 d6 7. Bg5 a6 8. Na3 b5 9. Nd5 Be7 10. Bxf6 Bxf6 11. c3 O-O 12. Nc2 Bg5 13. a4 bxa4 14. Rxa4 a5 15. Bc4 Kh8 16. O-O Rb8 17. b3 Bd7 18. Ra2 f5 19. exf5 Bxf5 20. Nce3 Be6 21. Re1 Qd7 22. Nf1 Rf7 23. Ng3 Bf4 24. Ne4 Bf5 25. Nxf4 exf4 26. Bxf7 Bxe4 27. Rxe4 Qxf7 28. Qxd6 Rd8 29. Rae2 Rxd6 30. Re8+ Qg8 31. h4 Rd8 32. Rxg8+ Kxg8 33. Re6 Rc8 34. Re4 Rb8 35. Rc4 Rb6 36. b4 axb4 37. cxb4 Nxb4 38. Rxf4 Nd3 39. Rd4 Rb1+ 40. Kh2 Nxf2 41. Kg3 Nd1 42. Rd8+ Kf7 43. Rd7+ Kf6 44. Rd6+ Ke7 45. Rd3 Rc1 46. Kf4 Rc4+ 47. Kg5 Nc3 48. h5 h6+ 49. Kg6 Rg4+ 50. Kh7 Ne4 51. Re3 Kf7 52. Rf3+ Nf6+ 53. Kh8 Ra4 54. Ra3 Rxa3 0-1


[Site "https://www.chess.com"]

[Event "Titled Tuesday Blitz September 13 Early 2022"]
[White "Jobava, Baadur"]
[Black "Livaic, Leon"]
[WhiteFideId "13601520"]
[BlackFideId "14531534"]
[WhiteElo "2582"]
[BlackElo "2540"]
[Result "1-0"]
[Round "09"]
[TimeControl "180+1"]
[Date "2022.09.13"]
[WhiteClock "0:01:30"]
[BlackClock "0:00:40"]

1. e4 e6 2. d4 d5 3. exd5 exd5 4. Nf3 Nf6 5. Bd3 Bd6 6. O-O O-O 7. h3 h6 8. Re1 Re8 9. Rxe8+ Qxe8 10. Nc3 c6 11. Ne2 Nbd7 12. Bf4 Qe7 13. Qd2 Nf8 14. Re1 Bxf4 15. Nxf4 Qd6 16. Ne5 Bd7 17. Qa5 Ne6 18. Nxe6 Bxe6 19. c3 Nd7 20. Nf3 b6 21. Qa6 Qc7 22. Bc2 Re8 23. Re3 Nb8 24. Qd3 g6 25. Qe2 Qc8 26. Ne5 Bf5 27. Bxf5 Qxf5 28. Nxf7 Qb1+ 29. Kh2 Rxe3 30. Nxh6+ Kg7 31. Qxe3 Nd7 32. Ng4 Qe4 33. Qxe4 dxe4 34. Ne5 Nf6 35. Nxc6 e3 36. fxe3 1-0


[Site "https://www.chess.com"]

[Event "Titled Tuesday Blitz September 13 Early 2022"]
[White "Kosakowski, Jakub"]
[Black "Indjic, Aleksandar"]
[WhiteFideId "1185080"]
[BlackFideId "911925"]
[WhiteElo "2453"]
[BlackElo "2592"]
[Result "1-0"]
[Round "09"]
[TimeControl "180+1"]
[Date "2022.09.13"]
[WhiteClock "0:00:31"]
[BlackClock "0:00:09"]

1. e4 e5 2. Nf3 Nc6 3. Bb5 a6 4. Ba4 Bc5 5. c3 Nge7 6. d4 exd4 7. cxd4 Bb4+ 8. Bd2 Bxd2+ 9. Nbxd2 d5 10. O-O dxe4 11. Nxe4 O-O 12. h3 Bf5 13. Nc5 b6 14. d5 Nb4 15. d6 bxc5 16. dxe7 Qxe7 17. Re1 Qf6 18. Ne5 Rad8 19. Qc1 Rd5 20. Qc3 h6 21. Bb3 Rd4 22. Qxc5 Qd6 23. Rac1 Kh7 24. Nxf7 Qxc5 25. Rxc5 Bg6 26. Rxc7 Nd3 27. Ree7 a5 28. Nd8 Nf4 29. Rxg7+ Kh8 30. Ne6 Rd1+ 31. Kh2 Nxe6 32. Bxe6 Rf6 33. Rg8# 1-0


[Site "https://www.chess.com"]

[Event "Titled Tuesday Blitz September 13 Early 2022"]
[White "Kosteniuk, Alexandra"]
[Black "Samsonkin, Artiom"]
[WhiteFideId "4128125"]
[BlackFideId "13503111"]
[WhiteElo "2469"]
[BlackElo "2524"]
[Result "1-0"]
[Round "09"]
[TimeControl "180+1"]
[Date "2022.09.13"]
[WhiteClock "0:00:30"]
[BlackClock "0:00:02"]

1. e4 c6 2. Nc3 d5 3. Nf3 dxe4 4. Nxe4 Nf6 5. Qe2 Bg4 6. Nxf6+ gxf6 7. h3 Bh5 8. d3 e6 9. Bd2 Nd7 10. O-O-O Bd6 11. g4 Bg6 12. Nd4 Qb6 13. Be3 Bc5 14. Nb3 Bxe3+ 15. Qxe3 h5 16. Be2 hxg4 17. hxg4 Qxe3+ 18. fxe3 Ke7 19. Na5 Nc5 20. Bf3 Rxh1 21. Rxh1 e5 22. b4 e4 23. bxc5 exf3 24. Kd2 b6 25. Nxc6+ Kd7 26. Nd4 bxc5 27. Nxf3 Rb8 28. e4 Rb2 29. Ra1 Ke6 30. Kc3 Rb4 31. a3 Ra4 32. Kb3 Ra6 33. Kc4 Kd6 34. a4 Rb6 35. Kc3 Rb8 36. a5 Rg8 37. Rb1 Kc6 38. Nd2 Bh7 39. Rf1 1-0


[Site "https://www.chess.com"]